 Dungeon Crawl Stone Soup version 0.31.0-12-g77e489cdc1 (webtiles) character file.

Game seed: 966208464497399949

20 spaghetti the Shooter (level 2, 26/26 HPs)
             Began as a Naga Hunter on Feb 18, 2024.
             Quit the game on level 2 of the Dungeon.
             The game lasted 00:00:46 (560 turns).

spaghetti the Shooter (Naga Hunter)                  Turns: 560, Time: 00:00:47

Health: 26/26      AC:  2    Str: 13    XL:     2   Next: 79%
Magic:  2/2        EV:  9    Int:  9    God:
Gold:   57         SH:  0    Dex: 14    Spells: 1/1 levels left

rFire   . . .        a - +0 shortbow
rCold   . . .        (shield currently unavailable)
rNeg    . . .        c - +0 leather armour
rPois   +            (no helmet)
rElec   .            (no cloak)
rCorr   .            (no gloves)
SInv    +            (no barding)
Will    .....        (no amulet)
Stlth   ++           (no ring)
HPRegen 0.24/turn    (no ring)
MPRegen 0.08/turn

%: no passive effects
@: very slow
A: AC +0, large, see invisible, deformed body, poison resistance, slowness 2,
spit poison 1, naga tail 1
a: Spit Poison


You were on level 2 of the Dungeon.
You visited 1 branch of the dungeon, and saw 2 of its levels.

You collected 57 gold pieces.

Inventory:

Hand Weapons
 a - a +0 shortbow (weapon)
 b - a +2 short sword of venom
Armour
 c - a +0 leather armour (worn)
Scrolls
 d - a scroll of butterflies
 e - a scroll of amnesia {unknown}
 f - a scroll of vulnerability {unknown}
Potions
 g - a potion of brilliance {unknown}


   Skills:
 - Level 2.0 Fighting
 + Level 4.3 Ranged Weapons
 - Level 1.5 Dodging
 - Level 1.5 Stealth


You had one spell level left.
You didn't know any spells.
Your spell library was empty.

Dungeon Overview and Level Annotations

Branches:
Dungeon (2/15)

Altars:


Innate Abilities, Weirdness & Mutations

Your serpentine skin is tough. (AC +0)
You have supernaturally acute eyesight. (SInv)
Armour fits poorly on your strangely shaped body.
Your system is resistant to poisons. (rPois)
You cover ground very slowly.
You can spit poison.
You have a snake-like lower body.


Message History

Done exploring.
No target in view!
Okay, then.
Done exploring.
Done exploring.
Done exploring.
Done exploring.
No target in view!
There is a stone staircase leading down here.
You climb downwards.
There is a stone staircase leading up here.
A bat is nearby!
A bat is nearby!
A bat is nearby!
A bat is nearby!
You shoot an arrow.
The arrow hits the bat but does no damage.
The bat barely misses you. The bat hits you.
A bat is nearby!
A bat is nearby!
A bat is nearby!
You shoot an arrow. The arrow hits the bat.
You kill the bat!
HP restored.
A ball python comes into view.
A ball python is nearby!
A ball python is nearby!
You shoot an arrow. The arrow hits the ball python.
You kill the ball python!
No target in view!
No target in view!
No target in view!
No target in view!
No target in view!
No target in view!
No target in view!
You now have 57 gold pieces (gained 9).
A giant cockroach comes into view.
A giant cockroach is nearby!
Are you sure you want to abandon this character and quit the game? (Confirm with "yes".)

...B...#
......# .!...#
#..#.##
#.....###
#.......
######.....#
........#@#
#......####.#
#...........#
#.#..######.#
#.#####.#..#
#..........#
#######.##.###
#.##...#
#.####.#


You could see a giant cockroach (asleep).

Vanquished Creatures
  2 ball pythons
  2 bats
  An endoplasm (D:1)
  A giant cockroach (D:1)
  2 goblins (D:1)
  4 hobgoblins (D:1)
  A quokka (D:1)
  A frilled lizard (D:1)
  2 kobolds (D:1)
  A rat (D:1)
17 creatures vanquished.

Notes
Turn   | Place    | Note
-------+----------+-------------------------------------------
     0 | D:1      | spaghetti the Naga Hunter began the quest for the Orb.
     0 | D:1      | Reached XP level 1. HP: 19/19 MP: 1/1
   201 | D:1      | Reached skill level 4 in Ranged Weapons
   201 | D:1      | Reached XP level 2. HP: 26/26 MP: 2/2
   560 | D:2      | Quit the game

Illustrated notes

Levels and vault maps discovered:
D:1:      lightli_arrival_statuegarden, layout_rooms,
          wad_floor_pattern_untrapped, chequers_serial_rivers_small_b,
          minmay_circled_x
D:2:      layout_loops_ring

Skill      XL: |  1 |
---------------+----+-----
Ranged Weapons | 4 |  4.3
Fighting       | |  2.0
Dodging        | |  1.5
Stealth        | |  1.5

Action                     || total
---------------------------++-------
  Melee: Short sword       ||     5
   Fire: Shortbow          ||    34
 Armour: Leather armour    ||    15
  Dodge: Dodged            ||     4
